 Dungeon Crawl Stone Soup version 0.21.1-1-g345015f (webtiles) character file.

6624 GenChuck the Basher (level 10, -1/79 HPs)
             Began as a Demonspawn Chaos Knight on Apr 8, 2018.
             Slain by a troll (16 damage)
             ... on level 1 of the Orcish Mines.
             The game lasted 01:26:38 (11552 turns).

GenChuck the Basher (Demonspawn Chaos Knight)      Turns: 11552, Time: 01:26:38

Health: -1/79      AC: 27    Str: 17    XL:     10   Next: 72%
Magic:  0/10       EV:  6    Int: 13    God:    Xom [.....*]
Gold:   334        SH: 10    Dex: 12    Spells: 9/9 levels left

rFire    . . .     SeeInvis .   a - +0 mace (chaos)
rCold    . . .     Gourm    .   k - +0 shield
rNeg     . . .     Faith    .   n - +3 chain mail
rPois    +         Spirit   +   v - +1 helmet
rElec    .         Reflect  .   E - +2 cloak
rCorr    .         Harm     .   B - +2 pair of gloves
MR       .....                  (no boots)
Stlth    ..........             (no amulet)
HPRegen  0.23/turn              h - +3 ring of protection
MPRegen  0.24/turn              t - ring of poison resistance

@: no status effects
A: rugged brown scales 2, blurry vision 1, magic shield, magic regeneration, rot
immunity
a: Renounce Religion


You were on level 1 of the Orcish Mines.
You worshipped Xom.
You were Xom's teddy bear.
You were not hungry.

You visited 3 branches of the dungeon, and saw 12 of its levels.

You collected 598 gold pieces.
You spent 264 gold pieces at shops.

Inventory:

Hand Weapons
 a - a +0 mace of chaos (weapon)
 b - a cursed -2 dagger
 c - a +1 trident of protection
 f - a +1 war axe of venom
 r - a +1 dagger of speed
 D - a +2 whip of draining
 J - a cursed -1 whip
 O - a cursed -3 trident
 Q - a +4 long sword
Armour
 k - a +0 shield (worn)
 n - a +3 chain mail (worn)
 v - a +1 helmet (worn)
 B - a +2 pair of gloves (worn)
 E - a +2 cloak (worn)
 P - a +3 leather armour
Jewellery
 h - a +3 ring of protection (left hand)
 o - an uncursed ring of resist corrosion
 t - a ring of poison resistance (right hand)
 C - a +3 ring of strength {unknown}
 M - an uncursed ring of magical power {unknown}
Wands
 p - a wand of flame (70)
 s - a wand of paralysis (16)
 x - a wand of random effects (50)
 G - a wand of iceblast (5)
 N - a wand of acid (9)
Scrolls
 u - a scroll of fear
 w - 2 scrolls of remove curse
 F - 2 scrolls of magic mapping
 H - 3 scrolls of fog
Potions
 d - a potion of flight {unknown}
 g - a potion of curing
 i - 2 potions of magic
 j - a potion of brilliance {unknown}
 m - a potion of might {unknown}
 q - 2 potions of agility
 z - a potion of resistance {unknown}
 A - a potion of degeneration {unknown}
 I - a potion of berserk rage {unknown}
 L - a potion of mutation {unknown}
Books
 e - a book of Minor Magic

   Spells                             Type                      Level
   a - Magic Dart                     Conjuration                  1
   b - Blink                          Translocation                2
   c - Call Imp                       Summoning                    2
   d - Slow                           Hexes                        2
   e - Conjure Flame                  Conjuration/Fire             3
   f - Mephitic Cloud                 Conjuration/Poison/Air       3
 y - a book of Geomancy

   Spells                             Type                      Level
   a - Sandblast                      Earth                        1
   b - Passwall                       Transmutation/Earth          2
   c - Stone Arrow                    Conjuration/Earth            3
   d - Petrify                        Transmutation/Earth          4
   e - Lee's Rapid Deconstruction     Earth                        5
Comestibles
 l - 14 rations


   Skills:
 + Level 6.0 Fighting
 + Level 10.3 Maces & Flails
 * Level 6.9 Armour
 + Level 2.4 Dodging
 + Level 4.0 Stealth
 * Level 6.0 Shields


You had 9 spell levels left.
You didn't know any spells.

Dungeon Overview and Level Annotations

Branches:
Dungeon (10/15)            Temple (1/1) D:6             Orc (1/2) D:9
   Lair: D:8-11

Altars:
Ashenzari
Cheibriados
Dithmenos
Elyvilon
Fedhas
Gozag
Hepliaklqana
Kikubaaqudgha
Makhleb
Nemelex Xobeh
Okawaru
Qazlal
Ru
Sif Muna
Trog
Uskayaw
Vehumet
Wu Jian
Xom
Yredelemnul
Zin
The Shining One

Shops:
D:7 [


Innate Abilities, Weirdness & Mutations

You are mostly covered in rugged brown scales. (AC +2, +5% HP)
When hurt, damage is shared between your health and your magic reserves.
You regenerate magic rapidly.
You are immune to rotting.
Scrolls take you a little longer to read.


Message History

The troll claws you but does no damage. The troll barely misses you.
You block the troll's attack. The troll claws you but does no damage.
You hit the troll but do no damage.
Nothing appears to happen.
The troll is almost dead.
The troll bites you!
* * * LOW HITPOINT WARNING * * *
The troll closely misses you. You block the troll's attack.
You block the troll's attack. x3
You block the troll's attack. The troll claws you but does no damage.
The troll claws you.
* * * LOW HITPOINT WARNING * * *
You block the troll's attack. The troll claws you.
* * * LOW HITPOINT WARNING * * *
The troll claws you but does no damage.
There is a staircase back to the Dungeon here.
You feel better. You block the troll's attack. x2
The troll claws you but does no damage. The troll bites you!!
You die...
Xom howls with laughter! ...... ##o.. ..........### ooo

.............#### ###)# .#
................###.#.##$..#
.................#......#
................#...#....#
..................o.###.##
..............#..#...# ##
..........T@.##...#.##
.........#....##...##
.......$#.....###.##
...#...##....## ### ......#
#.....# ...... ........
...... ....##.... .....
....## .... ...#. .# ..


You could see a troll (berserk).

Vanquished Creatures
  The ghost of iamserjio the Nimble, a novice OpMo of Yredelemnul (D:6)
  The ghost of tidbits the Sneak, a novice GnEn of Cheibriados (D:9)
  The ghost of tidbits the Covert, a novice GnAs of Cheibriados (D:5)
  A hornet (D:9)
  Grinder (D:5)
  Prince Ribbit (D:5)
  2 hippogriffs (D:7)
  4 yaks (D:9)
  Menkaure (D:5)
  A water moccasin (D:7)
  An ice beast (D:9)
  6 orc warriors
  A sky beast (D:6)
  6 ogres
  A necrophage (D:5)
  2 centaurs (D:6)
  5 big kobolds
  2 bullfrogs
  A gnoll sergeant (D:8)
  A water moccasin zombie (D:8)
  A scorpion (D:8)
  5 wights (D:9)
  2 howler monkeys (D:7)
  3 crimson imps
  4 jellies
  7 orc priests
  A bullfrog skeleton (D:6)
  6 orc wizards
  2 iguanas (D:6)
  3 worker ants
  A hound zombie (D:7)
  2 hound skeletons (D:6)
  A mummy (D:4)
  3 worker ant zombies
  4 gnolls (D:8)
  9 adders
  2 oozes (D:1)
  2 adder zombies
  2 adder skeletons
  5 worms
  2 dart slugs (D:1)
  2 leopard geckos
  49 orcs
  8 bats
  4 giant cockroaches
  5 goblins
  7 hobgoblins
  5 jackals
  34 kobolds
  A quokka (D:6)
  3 frilled lizards
  2 jackal skeletons
  6 rats
233 creatures vanquished.

Vanquished Creatures (collateral kills)
  A steam dragon (D:8)
  An orc warrior (D:8)
  A hound (D:8)
  An orc wizard (D:8)
  A gnoll (D:8)
  3 orcs
  4 jackals (D:5)
  A kobold (D:9)
13 creatures vanquished.

Vanquished Creatures (others)
  An orc (D:2)
  3 fungi (D:6)
4 creatures vanquished.

Grand Total: 250 creatures vanquished

Notes
Turn   | Place    | Note
-------+----------+-------------------------------------------
     0 | D:1      | GenChuck the Demonspawn Chaos Knight began the quest for the Orb.
     0 | D:1      | Reached XP level 1. HP: 18/18 MP: 1/1
    13 | D:1      | XOM: silly message
   152 | D:1      | Reached skill level 3 in Maces & Flails
   152 | D:1      | Gained mutation: When hurt, damage is shared between your health and your magic reserves. [demonic ancestry]
   152 | D:1      | Reached XP level 2. HP: 22/24 MP: 2/2
   212 | D:1      | XOM: silly message
   213 | D:1      | XOM: silly message
   472 | D:1      | Reached XP level 3. HP: 29/29 MP: 3/3
  1157 | D:2      | XOM: divination: magic mapping
  1236 | D:2      | Reached skill level 1 in Dodging
  1262 | D:2      | Found a sparkling altar of Nemelex Xobeh.
  1265 | D:2      | Reached skill level 4 in Maces & Flails
  1265 | D:2      | Reached XP level 4. HP: 35/35 MP: 4/4
  1332 | D:2      | XOM: medium Pois miscast
  1536 | D:2      | XOM: god gift: 8 gold pieces
  1976 | D:3      | XOM: silly message
  2293 | D:3      | Gained mutation: You are partially covered in rugged brown scales. (AC +1, +3% HP) [demonic ancestry]
  2293 | D:3      | Reached XP level 5. HP: 27/42 MP: 3/5
  2405 | D:3      | XOM: mild Fire miscast
  2411 | D:3      | XOM: noise
  2886 | D:5      | Entered Level 5 of the Dungeon
  3805 | D:4      | XOM: mild Necr miscast
  3961 | D:6      | Noticed an orc warrior
  3981 | D:5      | XOM: 2-stop teleportation journey
  3982 | D:5      | Noticed Prince Ribbit
  3992 | D:5      | XOM: smoke on damage
  4001 | D:5      | Killed Prince Ribbit
  4001 | D:5      | Reached skill level 5 in Maces & Flails
  4001 | D:5      | Reached skill level 1 in Shields
  4001 | D:5      | Gained mutation: You are mostly covered in rugged brown scales. (AC +2, +5% HP) [demonic ancestry]
  4001 | D:5      | Reached XP level 6. HP: 6/50 MP: 2/6
  4219 | D:5      | Noticed Grinder
  4226 | D:5      | XOM: mild Necr miscast
  4226 | D:5      | Paralysed by Grinder for 4 turns
  4232 | D:5      | XOM: enchant monster (good)
  4237 | D:5      | Killed Grinder
  4237 | D:5      | Reached skill level 6 in Maces & Flails
  4237 | D:5      | Reached skill level 1 in Stealth
  4237 | D:5      | Reached XP level 7. HP: 30/56 MP: 5/7
  4480 | D:5      | Noticed tidbits's ghost (novice GnAs)
  4486 | D:5      | XOM: cast spell 'Discord'
  4505 | D:5      | Killed tidbits's ghost
  4505 | D:5      | Reached skill level 7 in Maces & Flails
  4814 | D:5      | Noticed Menkaure
  4822 | D:5      | Killed Menkaure
  4822 | D:5      | Gained mutation: You regenerate magic rapidly. [demonic ancestry]
  4822 | D:5      | Reached XP level 8. HP: 64/64 MP: 8/8
  4856 | D:5      | Found a sparkling altar of Nemelex Xobeh.
  5333 | D:5      | XOM: enchant monster (good)
  5368 | D:6      | XOM: confuse monster(s)
  5372 | D:6      | XOM: cleaving
  5387 | D:6      | XOM: scenery: create altars
  5719 | D:6      | Found a staircase to the Ecumenical Temple.
  5732 | Temple   | Entered the Ecumenical Temple
  5754 | Temple   | XOM: scenery: 6 doors open, 1 doors close
  6087 | Temple   | XOM: god gift: 23 gold pieces
  6131 | D:6      | Found a shadowy altar of Dithmenos.
  6384 | D:6      | Got a warped lapis lazuli ring
  6481 | D:6      | Reached skill level 8 in Maces & Flails
  6483 | D:6      | XOM: cast spell 'Chain of Chaos'
  6618 | D:6      | Noticed iamserjio's ghost (novice OpMo)
  6652 | D:6      | Killed iamserjio's ghost
  6652 | D:6      | Reached skill level 5 in Fighting
  6652 | D:6      | Gained mutation: You are immune to rotting. [demonic ancestry]
  6652 | D:6      | Reached XP level 9. HP: 45/71 MP: 9/9
  6664 | D:6      | Reached skill level 9 in Maces & Flails
  6848 | D:6      | Found a sacrificial altar of Ru.
  7044 | D:6      | Found a deep blue altar of Sif Muna.
  7194 | D:7      | XOM: summons friendly crimson imp
  7280 | D:7      | Found an iron altar of Okawaru.
  7281 | D:7      | Found an ornate altar of the Wu Jian Council.
  7365 | D:7      | Found Wiffonewn's Armour Emporium.
  7373 | D:7      | Bought a +2 cloak for 264 gold pieces
  7392 | D:7      | XOM: cleaving
  7796 | D:7      | Reached skill level 5 in Armour
  7850 | D:7      | Found a white marble altar of Elyvilon.
  7900 | D:7      | Identified the cursed ring of Kutymof {rF++ Int-3} (You found it on level 6 of the Dungeon)
  8482 | D:8      | XOM: give mutation
  8482 | D:8      | Gained mutation: Scrolls take you a little longer to read. [Xom's mischief]
  8530 | D:8      | Found a deep blue altar of Sif Muna.
  8642 | D:8      | XOM: noise
  8721 | D:8      | XOM: polymorph something unseen -> hound
  8724 | D:8      | Reached XP level 10. HP: 77/77 MP: 10/10
  8782 | D:8      | XOM: polymorph scorpion -> steam dragon
  8845 | D:8      | Found a shattered altar of Ashenzari.
  8930 | D:8      | XOM: medium Summ miscast
  9297 | D:9      | XOM: enchant monster (bad)
  9379 | D:8      | XOM: harmless Tmut miscast
  9473 | D:8      | XOM: summons friendly white imp
  9530 | D:8      | XOM: mild Necr miscast
  9608 | D:8      | XOM: medium Tloc miscast
  9869 | D:10     | Entered Level 10 of the Dungeon
  9882 | D:10     | XOM: scenery: create altars
  9915 | D:9      | XOM: divination: detect items
  9916 | D:9      | XOM: summons friendly crimson imp
  9924 | D:9      | XOM: cleaving
  9933 | D:9      | Noticed tidbits's ghost (novice GnEn)
  9951 | D:9      | XOM: enchant monster (bad)
  9954 | D:9      | XOM: summons friendly white imp
  9959 | D:9      | Reached skill level 5 in Shields
  9969 | D:9      | XOM: summons friendly quasit
  9976 | D:9      | Killed tidbits's ghost
 10103 | D:9      | XOM: divination: detect creatures
 10155 | D:9      | XOM: swap monsters
 10157 | D:9      | Paralysed by a hornet for 3 turns
 10328 | D:9      | Found a basalt altar of Yredelemnul.
 10328 | D:9      | XOM: 7-stop teleportation journey
 10400 | D:9      | XOM: harmless Necr miscast
 10697 | D:9      | Reached skill level 10 in Maces & Flails
 10771 | D:9      | XOM: cleaving
 10772 | D:9      | XOM: confuse monster(s)
 10775 | D:9      | XOM: cast spell 'Statue Form'
 10841 | D:9      | XOM: cloud trail
 10886 | D:9      | XOM: fog
 10969 | D:9      | Found a staircase to the Orcish Mines.
 10979 | Orc:1    | Entered Level 1 of the Orcish Mines
 11268 | D:9      | XOM: god gift: 10 stones
 11552 | Orc:1    | Slain by a troll

Skill      XL: |  1  2  3  4  5  6  7  8  9 10 |
---------------+-------------------------------+-----
Maces & Flails | 3 4 5 6 7 8 9 10 | 10.3
Armour         | 2 3 4 5 6 |  6.9
Dodging        | 1 2 |  2.4
Fighting       | 4 5 6 |  6.0
Shields        | 1 2 4 6 |  6.0
Stealth        | 1 3 4 |  4.0

Action                   |  1- 3 |  4- 6 |  7- 9 | 10-12 || total
-------------------------+-------+-------+-------+-------++-------
Melee: Mace              |   122 |   191 |   471 |   442 ||  1226
Throw: Tomahawk          |       |       |       |     4 ||     4
  Use: Scroll            |     3 |     9 |     4 |     3 ||    19
       Potion            |       |     1 |       |     6 ||     7
 Stab: Petrified         |     3 |       |     4 |     3 ||    10
       Paralysed         |     1 |     4 |    15 |     1 ||    21
       Distracted        |       |       |     2 |       ||     2
       Confused          |       |       |     4 |     1 ||     5
       Petrifying        |       |       |     1 |     2 ||     3
  Eat: Ration            |     1 |     2 |     2 |     3 ||     8
       Chunk             |       |     1 |     8 |     2 ||    11
Armor: Chain mail        |   105 |   110 |   303 |   210 ||   728
       Leather armour    |     4 |       |       |       ||     4
       Skin              |       |       |       |    16 ||    16
Dodge: Dodged            |    58 |    23 |    71 |    63 ||   215
Block: Shield            |     2 |    47 |   172 |   182 ||   403
